 Dungeon Crawl Stone Soup version 0.27-a0-1525-g1038ab4fd7 (webtiles) character file.

Game seed: 2454789264509183047

4584 Spaninq the Thaumaturge (level 10, -11/60 HPs)
             Began as a Djinni Fire Elementalist on July 10, 2021.
             Was a Follower of Elyvilon.
             Mangled by a phantasmal warrior (31 damage)
             ... created by the anger of Yredelemnul
             ... on level 8 of the Dungeon.
             The game lasted 00:40:08 (7692 turns).

Spaninq the Thaumaturge (Djinni Fire Elementalist)  Turns: 7692, Time: 00:40:09

Health: -11/60     AC: 11    Str: 17    XL:     10   Next: 68%
Gold:   450        EV: 12    Int: 21    God:    Elyvilon [*.....] SH:  4 Dex: 13

rFire    + + +     SeeInvis .   c - +2 hand axe (flame)
rCold    x . .     Faith    .   n - +0 buckler
rNeg     . . .     Spirit   .   z - +2 robe {rF+}
rPois    ∞         Reflect  .   o - +1 helmet
rElec    .         Harm     .   k - +0 cloak
rCorr    .         Rampage  .   (no gloves)
Will     +....                  (boots unavailable)
Stlth    ++........             q - amulet of regeneration
HPRegen  1.20/turn              d - +4 ring of protection
MPRegen  0.00/turn              a - ring "Tawn" {Wiz rF++ Will+ Str+10}

@: weak-willed, flying, studying Crossbows
A: sickness immunity, fire resistance 2, cold vulnerability 1, float, innate
caster, hp casting, extra vitality 1
a: Renounce Religion, Lesser Healing, Divine Protection


You were on level 8 of the Dungeon.
You worshipped Elyvilon.
Elyvilon was aware of your devotion.
You visited 2 branches of the dungeon, and saw 9 of its levels.

You collected 450 gold pieces.

Inventory:

Hand Weapons
 c - a +2 hand axe of flaming (weapon)
Missiles
 h - 87 stones
Armour
 k - a +0 cloak (worn)
 n - a +0 buckler (worn)
 o - a +1 helmet (worn)
 z - a +2 robe of fire resistance (worn)
Jewellery
 a - the ring "Tawn" (right hand) {Wiz rF++ Will+ Str+10}
   (You acquired it on level 6 of the Dungeon)

   [ring of wizardry]

   It improves your spell success rate.
   Str:       It affects your strength (+10).
   rF:        It greatly protects you from fire.
   Will:      It increases your willpower.
 d - a +4 ring of protection (left hand)
 q - an amulet of regeneration (around neck)
Wands
 g - a wand of polymorph (12)
 w - a wand of paralysis (8)
 y - a wand of mindburst (13)
 A - a wand of flame (17)
Scrolls
 e - 2 scrolls of fog
 f - a scroll of teleportation
 p - a scroll of enchant armour
 r - 4 scrolls of identify
Potions
 b - 2 potions of heal wounds
 i - a potion of brilliance {unknown}
 j - 2 potions of might {unknown}
 l - 2 potions of curing
 m - a potion of berserk rage {unknown}
 t - 2 potions of attraction {unknown}
 x - 2 potions of haste {unknown}


   Skills:
 - Level 2.1 Dodging
 - Level 1.5 Stealth
 + Level 2.4 Shields
 * Level 11.4 Spellcasting


You had 7 spell levels left.
You knew the following spells:

 Your Spells              Type           Power      Damage    Failure   Level
a - Foxfire               Conj/Fire      100%       2x1d9     1%          1
b - Conjure Flame         Conj/Fire      56%        6-21      1%          3
c - Inner Flame           Hex/Fire       56%        N/A       1%          3
d - Sticky Flame          Conj/Fire      56%        2d7       1%          4
e - Fireball              Conj/Fire      28%        3d12      1%          5
f - Magic Dart            Conj           100%       1d8       1%          1
g - Searing Ray           Conj           100%       3d7       1%          2
h - Static Discharge      Conj/Air       56%        N/A       1%          2
i - Tukima's Dance        Hex            56%        N/A       1%          3
Your spell library was empty.

Dungeon Overview and Level Annotations

Branches:
Dungeon (8/15)             Temple (1/1) D:7
   Lair: D:8-11

Altars:
Ashenzari
Cheibriados
Dithmenos
Elyvilon
Fedhas
Hepliaklqana
Kikubaaqudgha
Makhleb
Nemelex Xobeh
Okawaru
Qazlal
Sif Muna
Trog
Uskayaw
Vehumet
Wu Jian
Yredelemnul
The Shining One

Shops:
D:5 ((*   D:7 ?   D:8 ?*?

Annotations:
D:6 3 runed translucent doors, Atlas's ghost, novice DsIE


Innate Abilities, Weirdness & Mutations

You are immune to sickness and miasma.
You are immune to poison.
Your flesh is very heat resistant. (rF++)
You are vulnerable to cold. (rC-)
You float through the air rather than walking.
You learn spells naturally, not from books.
Your magical power is your life essence.
You have superior vitality. (+4 HP)


Message History

The wolf spider zombie barely misses you.
The phantasmal warrior barely misses you.
The wolf spider zombie hits you!
The wolf spider zombie closely misses you.
Things that are here:
a +0 whip; 3 poisoned darts
Casting: Fireball (dangerous; 1% risk of failure)
Confirm with . or Enter, or press ? or * to list all spells.
Aiming: Fireball (dangerous; 1% risk of failure)
Press: ? - help, Shift-Dir - straight line, f - phantasmal warrior
Aim: a phantasmal warrior (heavily damaged, durably summoned)
The fireball explodes!
The fireball engulfs the phantasmal warrior.
The phantasmal warrior is severely damaged.
The fireball engulfs the wolf spider zombie!
The wolf spider zombie is severely damaged.
The phantasmal warrior blinks!
The wolf spider zombie hits you!
* * * LOW HITPOINT WARNING * * *
The wolf spider zombie bites you but does no damage.
You feel much better.
The wolf spider zombie hits you but does no damage.
The wolf spider zombie bites you but does no damage.
The phantasmal warrior hits you!
Your willpower is stripped away!
Casting: Fireball (dangerous; 1% risk of failure)
Confirm with . or Enter, or press ? or * to list all spells.
Aiming: Fireball (dangerous; 1% risk of failure)
Press: ? - help, Shift-Dir - straight line, f/p - phantasmal warrior
Aim: a phantasmal warrior (severely damaged, durably summoned) That beam is likely to hit you.
Continue anyway?
The fireball explodes!
The fireball engulfs the phantasmal warrior.
The phantasmal warrior is severely damaged.
The fireball engulfs you. You resist.
The fireball engulfs the wolf spider zombie!!
The wolf spider zombie is almost destroyed.
The wolf spider zombie hits you!
The wolf spider zombie closely misses you.
The phantasmal warrior hits you!!
Ouch! That really hurt!
You die...

####### ......# ### ......# #<#
## ......# #)####### ... ......#
#.......# .... .....†#
#####..).(..# .....
....))###.......W...######......
....)>..........@Z.......'......
#####.###.####.#########.#......
#.......#.####.......# #.# .....
#.####..#....#.......# #.# ####
#.....####.#.∩.....# #.# #
#.##.#####.#.......# #.#
#.#..#.#...#.#.......# #.#
#.##.#.#.#.#.##+###### #.#
#......#....^##.## #.#


You could see a phantasmal warrior and a wolf spider zombie.

Vanquished Creatures
  A two-headed ogre (D:7)
  Pikel (D:7)
  Grinder (D:5)
  2 yaks
  A wyvern (D:8)
  A wraith (D:7)
  A steam dragon (D:8)
  Menkaure (D:6)
  An orc warrior (D:7)
  2 water moccasins
  A sky beast (D:6)
  An ice beast (D:6)
  An ogre (D:5)
  A necrophage (D:5)
  2 lemures (D:6)
  2 centaurs
  A bullfrog (D:8)
  A kobold brigand (D:8)
  Blork the orc (D:5)
  2 wyvern zombies
  2 scorpions
  A gnoll sergeant (D:8)
  A water moccasin skeleton (D:5)
  2 killer bees (D:8)
  4 wights (D:7)
  A howler monkey (D:8)
  2 bullfrog zombies
  2 hounds
  A gnoll shaman (D:8)
  3 jellies
  3 centaur zombies
  2 orc priests
  A bullfrog skeleton (D:5)
  A centaur skeleton (D:7)
  6 iguanas
  Ijyb (D:5)
  8 orc wizards
  A hound zombie (D:5)
  2 hound skeletons (D:4)
  2 howler monkey zombies
  Robin (D:3)
  13 gnolls
  6 adders
  2 shadow imps
  An ufetubus (D:6)
  2 dart slugs
  16 orcs
  8 ball pythons
  5 bats
  4 endoplasms
  A giant cockroach (D:1)
  6 hobgoblins
  4 jackals (D:4)
  7 kobolds
  4 quokkas
  2 frilled lizards
  13 goblins
  5 rats
171 creatures vanquished.

Vanquished Creatures (others)
  2 bushes (D:8)
  323 foxfires
  5 fungi (D:8)
  21 plants (D:8)
351 creatures vanquished.

Grand Total: 522 creatures vanquished

Notes
Turn   | Place    | Note
-------+----------+-------------------------------------------
     0 | D:1      | Spaninq the Djinni Fire Elementalist began the quest for
                  | the Orb.
     0 | D:1      | Reached XP level 1. HP: 15/15 MP: 0/0
   232 | D:1      | Reached XP level 2. HP: 14/21 MP: 0/0
   579 | D:1      | Reached skill level 3 in Spellcasting
  1023 | D:2      | Reached XP level 3. HP: 24/25 MP: 0/0
  1023 | D:2      | Learned a level 1 spell: Magic Dart
  1202 | D:2      | Found a faded altar of an unknown god.
  1694 | D:2      | Found Kixzaole's Antique Weapon Shoppe.
  2127 | D:2      | Reached XP level 4. HP: 26/31 MP: 0/0
  2801 | D:3      | Noticed Robin
  2805 | D:3      | Killed Robin
  2806 | D:3      | Reached skill level 4 in Spellcasting
  3531 | D:4      | Reached XP level 5. HP: 35/35 MP: 0/0
  3531 | D:4      | Learned a level 2 spell: Searing Ray
  4246 | D:5      | Entered Level 5 of the Dungeon
  4246 | D:5      | Found Hiexzaos's Weapon Emporium.
  4270 | D:5      | Noticed Ijyb
  4289 | D:5      | Reached XP level 6. HP: 35/40 MP: 0/0
  4289 | D:5      | Killed Ijyb
  4290 | D:5      | Reached skill level 5 in Spellcasting
  4380 | D:5      | Noticed Grinder
  4456 | D:5      | Reached XP level 7. HP: 31/45 MP: 0/0
  4456 | D:5      | Learned a level 2 spell: Static Discharge
  4508 | D:5      | Reached skill level 6 in Spellcasting
  4533 | D:5      | Noticed Blork the orc
  4543 | D:5      | Killed Blork the orc
  4613 | D:5      | Found Qiq Qa Raig's Antique Weapon Boutique.
  4662 | D:5      | Reached XP level 8. HP: 48/50 MP: 0/0
  4677 | D:5      | Found Ucudaun's Assorted Antiques.
  4772 | D:5      | Killed Grinder
  4773 | D:5      | Reached skill level 7 in Spellcasting
  5128 | D:6      | Identified a scroll of acquirement
  5128 | D:6      | Acquired the ring "Tawn" {Wiz rF++ Will+ Str+10}
  5176 | D:6      | Reached skill level 8 in Spellcasting
  5288 | D:6      | Noticed Menkaure
  5295 | D:6      | Killed Menkaure
  5296 | D:6      | Reached XP level 9. HP: 54/55 MP: 0/0
  5296 | D:6      | Learned a level 3 spell: Tukima's Dance
  5307 | D:6      | Noticed a cyclops
  5319 | D:6      | Found a runed translucent gate.
  5319 | D:6      | Noticed Atlas's ghost (novice DsIE)
  5360 | D:6      | Found a runed translucent gate.
  5364 | D:6      | Found a runed translucent gate.
  5462 | D:6      | Reached skill level 9 in Spellcasting
  5861 | D:7      | Noticed Pikel
  5882 | D:7      | Killed Pikel
  5999 | D:7      | Found Liramuu's Magic Scroll Boutique.
  6223 | D:2      | Became a worshipper of Yredelemnul the Dark
  6223 | D:2      | Reached * piety under Yredelemnul
  6438 | D:7      | Found a staircase to the Ecumenical Temple.
  6444 | Temple   | Entered the Ecumenical Temple
  6591 | Temple   | Fell from the grace of Yredelemnul
  6591 | Temple   | Became a worshipper of Elyvilon the Healer
  6654 | D:7      | Reached skill level 10 in Spellcasting
  6736 | D:7      | Noticed a two-headed ogre
  6767 | D:7      | Killed a two-headed ogre
  6768 | D:7      | Reached XP level 10. HP: 16/60 MP: 0/0
  6873 | D:7      | Reached skill level 11 in Spellcasting
  7119 | D:8      | Found Lephezerr's Magic Scroll Boutique.
  7171 | D:7      | Reached skill level 1 in Shields
  7212 | D:8      | Found Mojavoas's Assorted Antiques.
  7323 | D:8      | Found Hurgho Zuhoargh's Magic Scroll Shoppe.
  7447 | D:8      | Found a basalt altar of Yredelemnul.
  7674 | D:8      | Reached * piety under Elyvilon
  7679 | D:8      | Noticed a phantasmal warrior
  7692 | D:8      | Mangled by a phantasmal warrior

Illustrated notes

Levels and vault maps discovered:
D:1:      dpeg_arrival_rhombi, layout_basic
D:2:      layout_basic, hellmonk_ecumenical_altar_blasted, serial_shops, shop,
          minmay_heptomino_w4
D:3:      layout_loops_ring, minmay_misc_feat_chi, kennysheep_cross_bottleneck,
          uniq_robin
D:4:      layout_basic
D:5:      layout_rooms, serial_shops, nicolae_shop_behind_doors,
          nicolae_stop_n_shop_2, nicolae_shop_behind_doors,
          hangedman_decor_clover_reticule, minmay_hedge_maze, moated_statue,
          uniq_grinder, uniq_blork_the_orc, uniq_ijyb
D:6:      layout_basic, gammafunk_ghost_split, kennysheep_generic_room_9,
          uniq_menkaure
D:7:      layout_basic, minmay_temple_entry_statues_pillars, serial_shops,
          nicolae_shop_statue_plus, minmay_misc_feat_alley,
          grunt_decor_junction, minmay_manual_mess, uniq_pikel
D:8:      layout_basic, lemuel_round_altar, minmay_lair_entry_grove,
          serial_shops, nicolae_take_the_stairs, shop, nicolae_shop_stone,
          chequers_jeans
Temple:   regret_index_temple_sigil_plot

Skill      XL: |  1  2  3  4  5  6  7  8  9 10 |
---------------+-------------------------------+-----
Spellcasting   | 3 4 5 6 8 10 11 | 11.4
Shields        | 2 |  2.4
Dodging        | |  2.1
Stealth        | |  1.5

Action                   |  1- 3 |  4- 6 |  7- 9 | 10-12 || total
-------------------------+-------+-------+-------+-------++-------
Melee: Unarmed           |     1 |       |       |       ||     1
       Dagger            |     1 |    13 |    10 |     9 ||    33
 Cast: Foxfire           |    68 |    95 |    30 |     1 ||   194
       Searing Ray       |       |     4 |    36 |     3 ||    43
       Conjure Flame     |       |     1 |     4 |     3 ||     8
       Sticky Flame      |       |       |    14 |    13 ||    27
       Magic Dart        |       |       |     2 |     1 ||     3
       Tukima's Dance    |       |       |     5 |       ||     5
       Fireball          |       |       |       |    27 ||    27
  Use: Scroll            |       |       |    11 |       ||    11
       Potion            |       |       |       |     2 ||     2
 Stab: Sleeping          |       |     1 |       |       ||     1
Armor: Robe              |     8 |    19 |    19 |    19 ||    65
Dodge: Dodged            |    11 |    20 |    38 |    23 ||    92
Block: Buckler           |       |       |       |     4 ||     4

Table legend: (Time is in decaauts)
 A = Elapsed time spent in this place.
 B = Non-inter-level travel time spent in this place.
 C = Inter-level travel time spent in this place.
 D = Time resting spent in this place.
 E = Time spent auto-exploring this place.
 F = Levels seen in this place.
 G = Mean time per level.
                   A        B        C        D        E       F      G
               +--------+--------+--------+--------+--------+-----+--------+
         Total |   7706 |   6970 |    736 |    176 |   5321 |   9 |  856.2 |
       Dungeon |   7542 |   6821 |    721 |    176 |   5180 |   8 |  942.8 |
        Temple |    163 |    148 |     15 |      0 |    141 |   1 |  163.0 |
               +--------+--------+--------+--------+--------+-----+--------+

Top non-repeatable levels by time:
     D:2: 1395 daAuts
     D:3: 1087 daAuts
     D:1: 1082 daAuts
     D:4: 937 daAuts
     D:7: 880 daAuts
     D:5: 872 daAuts
     D:6: 784 daAuts
     D:8: 503 daAuts
  Temple: 163 daAuts
